 Dungeon Crawl Stone Soup version 0.30-a0-738-g116ff8c4af (webtiles) character file.

Game seed: 5430431906374538153

377 Leeroy the Sneak (level 6, 0/30 HPs)
             Began as a Vine Stalker Warper on Feb 3, 2023.
             Slain by a black bear (5 damage)
             ... on level 4 of the Dungeon.
             The game lasted 00:04:30 (3096 turns).

Leeroy the Sneak (Vine Stalker Warper)              Turns: 3096, Time: 00:04:31

Health: 0/30       AC:  4    Str: 13    XL:     6   Next: 73%
Magic:  0/10       EV: 11    Int: 13    God:
Gold:   94         SH:  0    Dex: 16    Spells: 1/9 levels left

rFire   . . .      SeeInvis .    A - +2 dagger (venom)
rCold   . . .      Faith    .    (no shield)
rNeg    . . .      Spirit   +    b - +0 leather armour
rPois   .          Reflect  .    (no helmet)
rElec   .          Harm     .    (no cloak)
rCorr   .          Rampage  .    l - +0 pair of gloves
Will    .....                    (no boots)
Stlth   +++                      x - amulet of regeneration
HPRegen 1.85/turn                (no ring)
MPRegen 0.12/turn                (no ring)

@: no status effects
A: fangs 2, regeneration 1, magic shield, antimagic bite, no potion heal 2
a: no special abilities


You were on level 4 of the Dungeon.
You visited 1 branch of the dungeon, and saw 5 of its levels.

You collected 94 gold pieces.

Inventory:

Hand Weapons
 a - a +0 falchion
 o - a +0 short sword
 q - a +0 dagger
 s - a +0 long sword
 A - a +2 dagger of venom (weapon)
Missiles
 d - 5 boomerangs of dispersal (quivered)
 u - 7 poisoned darts
 y - 3 boomerangs
Armour
 b - a +0 leather armour (worn)
 l - a +0 pair of gloves (worn)
Jewellery
 x - an amulet of regeneration (around neck)
Scrolls
 c - a scroll of blinking
 e - a scroll of enchant armour {unknown}
 f - 3 scrolls of teleportation {unknown}
 g - 3 scrolls of enchant weapon {unknown}
 j - 5 scrolls of immolation {unknown}
 k - 7 scrolls of identify {unknown}
 p - a scroll of noise {unknown}
 r - a scroll of vulnerability {unknown}
 v - a scroll of fog {unknown}
Potions
 h - 2 potions of curing {unknown}
 i - a potion of mutation {unknown}
 m - 2 potions of heal wounds {unknown}
 n - a potion of lignification {unknown}
 t - a potion of flight {unknown}
 w - a potion of degeneration {unknown}
 z - a potion of invisibility {unknown}


   Skills:
 - Level 2.1 Fighting
 + Level 3.5 Long Blades
 - Level 0.8 Throwing
 - Level 0.7 Armour
 - Level 1.5 Dodging
 - Level 7.1 Stealth
 - Level 2.1 Spellcasting
 - Level 3.0 Translocations


You had one spell level left.
You knew the following spells:

 Your Spells              Type           Power      Damage    Failure   Level
a - Blink                 Tloc           18%        N/A       14%         2
b - Vhi's Electric Charg  Tloc/Air       10%        N/A       45%         3
c - Dazzling Flash        Conj/Hex       2%         N/A       67%         3

Your spell library contained the following spells:

 Spells                   Type           Power      Damage    Failure   Level
 Lesser Beckoning         Tloc           18%        N/A       14%         2
 Teleport Other           Tloc           9%         N/A       28%         3
 Manifold Assault         Tloc           9%         N/A       67%         4
 Iskenderun's Mystic Bla  Conj/Tloc      5%         2d3       86%         4
 Starburst                Conj/Fire      0%         6d3       100%        6


Dungeon Overview and Level Annotations

Branches:
Dungeon (5/15)
 Temple: D:4-7

Altars:
Xom


Innate Abilities, Weirdness & Mutations

You have extremely sharp teeth.
Your natural rate of healing is unusually fast.
When hurt, damage is shared between your health and your magic reserves.
Your bite disrupts and absorbs the magic of your enemies.
Potions cannot restore your health.


Message History

The black bear claws you. The black bear misses you.
You hit the black bear.
The black bear is poisoned.
The black bear is lightly wounded.
The black bear closely misses you. The black bear claws you.
The black bear claws you but does no damage.
You hit the black bear.
The black bear is lightly wounded.
The black bear closely misses you. The black bear barely misses you.
The black bear claws you.
You hit the black bear.
The black bear looks as sick as possible!
Your bite misses the black bear.
The black bear is moderately wounded.
You hit the black bear.
The black bear looks as sick as possible!
You bite the black bear, but do no damage.
The black bear is heavily wounded.
The black bear bites you but does no damage.
The black bear misses you. x2
You hit the black bear.
You punch the black bear, but do no damage.
The black bear is severely wounded.
The black bear goes berserk!
You hit the black bear but do no damage.
The black bear looks as sick as possible!
You bite the black bear. You drain its power.
You feel invigorated.
The black bear is severely wounded.
The black bear closely misses you. The black bear claws you.
The black bear claws you but does no damage.
The black bear completely misses you. The black bear claws you.
The black bear barely misses you.
You hit the black bear but do no damage.
The black bear looks as sick as possible!
The black bear is severely wounded.
The black bear bites you.
* * * LOW HITPOINT WARNING * * *
The black bear claws you.
* * * LOW HITPOINT WARNING * * *
The black bear claws you.
You die...

##....).).................## ##
##....############.........# ##.
##.....## #.........####..
##......#### #..............#
##....#....##############..######
##....####...[...................
####### ######...)##############
# ##h#.>[..##### # #
####@#####.....#### # # ####....#
#####....# # # #....#### ########
# ###.#### ####. # #...#
#######.... ########.###
##.......### #....)...#
####(†####### ..######## #....##
.## #.#############


You could see a black bear (berserk, extremely poisoned).

Vanquished Creatures
  2 hounds (D:4)
  3 orc wizards
  An iguana (D:4)
  9 adders
  A white imp (D:4)
  An ufetubus (D:4)
  2 worms (D:3)
  4 dart slugs
  10 orcs
  10 bats
  5 endoplasms
  A giant cockroach (D:3)
  5 goblins
  4 hobgoblins
  3 jackals (D:1)
  6 quokkas
  10 ball pythons
  6 frilled lizards
  8 kobolds
  8 rats
99 creatures vanquished.

Vanquished Creatures (others)
  5 dream sheep (D:4)
5 creatures vanquished.

Grand Total: 104 creatures vanquished

Notes
Turn   | Place    | Note
-------+----------+-------------------------------------------
     0 | D:1      | Leeroy the Vine Stalker Warper began the quest for the Orb.
     0 | D:1      | Reached XP level 1. HP: 11/11 MP: 4/4
   147 | D:1      | Reached XP level 2. HP: 15/15 MP: 6/6
   150 | D:1      | Learned a level 2 spell: Blink
   535 | D:1      | Reached XP level 3. HP: 17/18 MP: 5/7
   930 | D:2      | Reached skill level 1 in Stealth
   983 | D:2      | Reached skill level 2 in Stealth
   983 | D:2      | Gained mutation: Your natural rate of healing is unusually
                  | fast. [Vine Stalker growth]
   983 | D:2      | Reached XP level 4. HP: 18/23 MP: 6/8
  1170 | D:2      | Reached skill level 3 in Stealth
  1487 | D:3      | Reached skill level 4 in Stealth
  1487 | D:3      | Reached XP level 5. HP: 26/26 MP: 9/9
  1653 | D:3      | Learned a level 3 spell: Vhi's Electric Charge
  1657 | D:3      | Learned a level 3 spell: Dazzling Flash
  2129 | D:3      | Reached skill level 5 in Stealth
  2345 | D:4      | Reached XP level 6. HP: 8/30 MP: 4/10
  2409 | D:4      | Reached skill level 6 in Stealth
  2742 | D:4      | Noticed a dream sheep
  2742 | D:4      | Noticed a dream sheep
  2742 | D:4      | Noticed a dream sheep
  2742 | D:4      | Noticed a dream sheep
  2742 | D:4      | Noticed a dream sheep
  2742 | D:4      | Found a shimmering altar of Xom.
  2745 | D:4      | Killed a dream sheep
  2745 | D:4      | Killed a dream sheep
  2745 | D:4      | Killed a dream sheep
  2745 | D:4      | Killed a dream sheep
  2746 | D:4      | Killed a dream sheep
  2994 | D:5      | Entered Level 5 of the Dungeon
  3009 | D:4      | Reached skill level 7 in Stealth
  3026 | D:5      | Noticed a black bear
  3096 | D:4      | Slain by a black bear

Illustrated notes

Levels and vault maps discovered:
D:1:      dpeg_arrival_windows_large_door, layout_loops_ring
D:2:      layout_basic, minmay_pentomino_u2
D:3:      layout_rooms, dk_noncrumbling_4, hangedman_decor_lopped,
          bh_walls_and_bars
D:4:      layout_rooms, kb_xom_exploding_sheep
D:5:      layout_rooms, minmay_temple_entry_hall, kennysheep_generic_room_11

Skill      XL: |  1  2  3  4  5  6 |
---------------+-------------------+-----
Long Blades    | 2 3 |  3.5
Stealth        | 2 4 5 7 |  7.1
Fighting       | 2 |  2.1
Throwing       | |  0.8
Armour         | |  0.7
Dodging        | |  1.5
Spellcasting   | |  2.1
Translocations | |  3.0

Action                     |  1- 3 |  4- 6 || total
---------------------------+-------+-------++-------
  Melee: Falchion          |    97 |    90 ||   187
         Bite              |    20 |    53 ||    73
         Punch             |     1 |     4 ||     5
         Long sword        |       |    94 ||    94
         Dagger            |       |    19 ||    19
  Throw: Boomerang         |     1 |     1 ||     2
    Use: Scroll            |       |     1 ||     1
   Stab: Sleeping          |     1 |    11 ||    12
 Armour: Leather armour    |    34 |    67 ||   101
  Dodge: Dodged            |    65 |   144 ||   209

Table legend: (Time is in decaauts)
 A = Elapsed time spent in this place.
 B = Non-inter-level travel time spent in this place.
 C = Inter-level travel time spent in this place.
 D = Time resting spent in this place.
 E = Time spent auto-exploring this place.
 F = Levels seen in this place.
 G = Mean time per level.
                   A        B        C        D        E       F      G
               +--------+--------+--------+--------+--------+-----+--------+
         Total |   3147 |   3020 |    127 |    353 |   1849 |   5 |  629.4 |
       Dungeon |   3147 |   3020 |    127 |    353 |   1849 |   5 |  629.4 |
               +--------+--------+--------+--------+--------+-----+--------+

Top non-repeatable levels by time:
     D:4: 960 daAuts
     D:2: 774 daAuts
     D:1: 712 daAuts
     D:3: 681 daAuts
     D:5: 18 daAuts
